 Dungeon Crawl Stone Soup version 0.15.2 (webtiles) character file.

14172 Heini the Protected (level 11, -4/104 HPs)
             Began as a Minotaur Fighter on Mar 21, 2015.
             Was the Champion of Okawaru.
             Killed from afar by an ice dragon (20 damage)
             ... with a blast of cold
             ... on Level 3 of the Lair of Beasts on Mar 22, 2015.
             The game lasted 00:29:41 (11086 turns).

Heini the Protected (Minotaur Fighter)             Turns: 11086, Time: 00:29:41

HP  -4/104       AC 22     Str 24      XL: 11   Next: 85%
MP   0/4         EV  5     Int  5      God: Okawaru [******]
Gold 719         SH  9     Dex 10      Spells:  0 memorised, 10 levels left

rFire  + + +     SeeInvis .     A - +7 mace of the Wraith {flame, +Blink +Fly rElec rF++ Stlth-}
rCold  . . .     Clarity  .     k - +1 plate armour
rNeg   . . .     rCorr    .     c - +0 shield
rPois  +         rRot     .     (helmet restricted)
rElec  +         Spirit   +     N - +0 cloak
SustAb .         Warding  .     K - +0 pair of gloves
rMut   .         Stasis   .     f - +0 pair of boots
Gourm  .                        y - amulet of guardian spirit
MR     .....                    u - ring of protection from fire
                                l - cursed ring of poison resistance

@: not resistant to hostile enchantments, extremely unstealthy
A: retaliatory headbutt, horns 2
a: Heroism, Finesse, Renounce Religion, Evoke Blink, Evoke Flight


You were on level 3 of the Lair of Beasts.
You worshipped Okawaru.
Okawaru was exalted by your worship.
You were not hungry.

You visited 3 branches of the dungeon, and saw 13 of its levels.
You also visited: Sewer and Ossuary.

You collected 719 gold pieces.

Inventory:

Hand weapons
 A - the +7 mace of the Wraith (weapon) {flame, +Blink +Fly rElec rF++ Stlth-}
   (You found it on level 4 of the Dungeon)

   It emits flame when wielded, causing extra injury to most foes and up to
   double damage against particularly susceptible opponents.
   It greatly protects you from fire.
   It insulates you from electricity.
   It lets you fly.
   It lets you blink.
   It makes you less stealthy.
Armour
 c - a +0 shield (worn)
 f - a +0 pair of boots (worn)
 k - a +1 plate armour (worn)
 K - a +0 pair of gloves (worn)
 N - a +0 cloak (worn)
Magical devices
 a - a wand of magic darts (3)
 G - a wand of lightning (4) {unknown}
 L - a wand of magic darts (9)
Comestibles
 d - 9 bread rations
 o - 7 meat rations
 q - 9 slices of pizza
 v - 26 fruits
 R - a royal jelly
Scrolls
 b - 2 scrolls of identify
 g - 7 scrolls of enchant armour
 m - a scroll of random uselessness
 p - 5 scrolls of remove curse
 s - 4 scrolls of recharging
 t - 2 scrolls of teleportation
 z - 4 scrolls of fog
 C - 3 scrolls of magic mapping
 D - a scroll of enchant weapon
Jewellery
 j - an uncursed amulet of warding
 l - a cursed ring of poison resistance (left hand)
 u - a ring of protection from fire (right hand)
 y - an amulet of guardian spirit (around neck)
Potions
 e - 3 potions of might
 h - 2 potions of haste
 i - 2 potions of flight
 n - 4 potions of brilliance
 r - 3 potions of cancellation
 w - a potion of heal wounds
 x - 3 potions of berserk rage
 E - 5 potions of curing
 F - 2 potions of resistance
 J - 3 potions of agility
 Q - a potion of restore abilities
 T - a potion of cure mutation
Books
 H - a book of Envenomations

   Spells                             Type                      Level
   Spider Form                        Transmutation/Poison         3
   Alistair's Intoxication            Transmutation/Poison         4
   Olgreb's Toxic Radiance            Poison                       4
   Poisonous Cloud                    Conjuration/Poison/Air       6


   Skills:
 * Level 12.2 Fighting
 * Level 13.7 Maces & Flails
 * Level 13.8 Armour
 - Level 3.6 Shields
 + Level 0.2 Evocations


You had 10 spell levels left.
You didn't know any spells.

Dungeon Overview and Level Annotations

Branches:
Dungeon (9/15)             Temple (1/1) D:4            Lair (3/8) D:9
    Orc: D:9-12       Swamp: Lair:3-6    Shoals: Lair:3-6     Snake: Lair:3-6
 Spider: Lair:3-6

Altars:
Ashenzari
Cheibriados
Dithmenos
Elyvilon
Fedhas
Kikubaaqudgha
Makhleb
Nemelex Xobeh
Okawaru
Qazlal
Sif Muna
Trog
Vehumet
Xom
Yredelemnul
Zin
The Shining One

Portals:
Labyrinth: Lair:3


Innate Abilities, Weirdness & Mutations

You reflexively headbutt those who attack you in melee.
You have a pair of horns on your head.


Message History

Found 13 gold pieces.
The ice dragon breathes frost at you. The blast of cold hits you!
Found 11 gold pieces.
You see here an adder skeleton.
Put on which piece of jewellery? (? for menu, Esc to quit)
Okay, then.
You sock the ice dragon! You burn the ice dragon.
The ice dragon is moderately wounded.
The ice dragon bites you! The ice dragon claws you.
The ice dragon tramples you but does no damage.
You hit the ice dragon but do no damage.
You headbutt the ice dragon.
The ice dragon is moderately wounded.
The ice dragon breathes frost at you. The blast of cold hits you!
* * * LOW HITPOINT WARNING * * *
The ice dragon breathes frost at you. The blast of cold hits you!
You die...

#..................#
..........#.#P..##..#
.?..##.#.########..##
##.##...#####.##...#
#.....#∩##.........#
##...P.#.##..####..####
.##....P.#.##.##
##...P#
.........#.##.P# ###P.#
...#####@####### #### .
####.# #..D.# #.####
#.## #### #..# ####...≈
##.###### ##.......
#..%...#####........
######.D...........≈


You could see an ice dragon.

Vanquished Creatures
  A hydra (D:8)
  A death yak (Lair:2)
  A black mamba (Lair:3)
  Psyche (D:9)
  3 komodo dragons
  3 spiny frogs
  A troll (D:9)
  5 blink frogs (Lair:2)
  Prince Ribbit (D:7)
  A wyvern (D:8)
  5 yaks
  Eustachio (D:9)
  3 hippogriffs
  Grum (D:9)
  2 wolves (D:9)
  14 wargs (D:9)
  4 water moccasins
  5 porcupines
  2 sky beasts
  2 phantoms
  3 ogres
  3 orc warriors
  A centaur (D:5)
  4 big kobolds (D:8)
  4 crocodiles
  2 water moccasin zombies (Ossuary)
  A gnoll sergeant (D:8)
  9 giant frogs
  2 scorpions
  3 vampire bats (Lair:2)
  A giant frog zombie (D:6)
  5 hounds
  7 wights (D:9)
  4 crimson imps
  A goliath beetle (D:7)
  11 iguanas
  Crazy Yiuf (D:6)
  4 orc priests
  A giant frog skeleton (D:7)
  6 worker ants
  6 orc wizards
  7 sheep
  3 big kobold zombies (Ossuary)
  A hound skeleton (D:6)
  2 mummies (Ossuary)
  13 adders
  7 gnolls
  26 green rats
  3 giant mites (D:5)
  A shadow imp (D:5)
  A worm (D:6)
  9 adder zombies (Ossuary)
  10 giant geckos
  41 orcs
  2 ball pythons
  13 bats
  A bat skeleton (D:6)
  6 hobgoblins
  8 jackals
  5 quokkas
  3 giant cockroaches
  7 giant newts
  A giant spore (D:9)
  3 gnoll zombies (Ossuary)
  12 goblins
  A hobgoblin skeleton (D:6)
  3 hobgoblin zombies (Ossuary)
  20 kobolds
  6 kobold zombies (Ossuary)
  5 orc zombies (Ossuary)
  44 rats
  9 ballistomycetes
  A plant (D:9)
410 creatures vanquished.

Vanquished Creatures (others)
  A giant spore (D:6)
1 creature vanquished.

Grand Total: 411 creatures vanquished

Notes
Turn   | Place    | Note
--------------------------------------------------------------
     0 | D:1      | Heini, the Minotaur Fighter, began the quest for the Orb.
     0 | D:1      | Reached XP level 1. HP: 19/19 MP: 1/1
    82 | D:1      | Reached XP level 2. HP: 20/27 MP: 1/1
   243 | D:1      | Reached skill level 4 in Fighting
   797 | D:2      | Reached XP level 3. HP: 33/33 MP: 2/2
  1466 | D:3      | Reached XP level 4. HP: 41/41 MP: 2/2
  1741 | D:3      | Found a basalt altar of Yredelemnul.
  2003 | D:3      | Found a shimmering altar of Xom.
  2004 | D:3      | Found a snail-covered altar of Cheibriados.
  2024 | D:4      | Found a staircase to the Ecumenical Temple.
  2033 | Temple   | Entered the Ecumenical Temple
  2329 | D:4      | Found a shattered altar of Ashenzari.
  2411 | D:4      | Noticed an ogre
  2416 | D:4      | Killed an ogre
  2416 | D:4      | Reached skill level 5 in Fighting
  2416 | D:4      | Reached skill level 5 in Armour
  2416 | D:4      | Reached XP level 5. HP: 22/48 MP: 2/2
  2426 | D:4      | Found an iron altar of Okawaru.
  2681 | D:4      | Became a worshipper of Warmaster Okawaru
  2754 | D:4      | Reached XP level 6. HP: 49/56 MP: 3/3
  2809 | D:4      | Got a jewelled mace
  2810 | D:4      | Identified the +7 mace of the Wraith {flame, +Blink +Fly rElec rF++ Stlth-} (You found it on level 4 of the Dungeon)
  2837 | D:4      | Reached skill level 6 in Armour
  2876 | D:4      | Noticed a phantom
  2887 | D:4      | Killed a phantom
  2997 | D:5      | Entered Level 5 of the Dungeon
  2997 | D:5      | Found a glowing silver altar of Zin.
  3033 | D:5      | Reached skill level 5 in Maces & Flails
  3052 | D:5      | Found a sand-covered staircase.
  3057 | Ossuary  | Entered an ossuary
  3101 | Ossuary  | Reached XP level 7. HP: 57/62 MP: 2/3
  3151 | Ossuary  | Reached skill level 7 in Armour
  3274 | D:5      | Acquired Okawaru's first power
  3485 | D:5      | Found a glowing drain.
  3504 | Sewer    | Entered a sewer
  3682 | D:5      | Found a shadowy altar of Dithmenos.
  3755 | D:5      | Reached XP level 8. HP: 59/71 MP: 3/3
  4150 | D:6      | Reached skill level 8 in Armour
  4252 | D:6      | Noticed Crazy Yiuf
  4256 | D:6      | Killed Crazy Yiuf
  4688 | D:7      | Found a snail-covered altar of Cheibriados.
  4881 | D:7      | Found a stormy altar of Qazlal.
  5260 | D:7      | Noticed Prince Ribbit
  5279 | D:7      | Killed Prince Ribbit
  5279 | D:7      | Reached skill level 9 in Armour
  5725 | D:8      | Reached XP level 9. HP: 77/81 MP: 4/4
  6763 | D:8      | Reached skill level 10 in Armour
  6798 | D:8      | Noticed a three-headed hydra
  6806 | D:8      | Killed a three-headed hydra
  6806 | D:8      | Reached skill level 10 in Maces & Flails
  6944 | D:8      | Found a deep blue altar of Sif Muna.
  7021 | D:9      | Acquired Okawaru's second power
  7021 | D:9      | Reached XP level 10. HP: 81/91 MP: 4/4
  7024 | D:9      | Reached skill level 11 in Armour
  7136 | D:9      | Noticed Eustachio
  7147 | D:9      | Killed Eustachio
  7286 | D:9      | Noticed Grum
  7306 | D:9      | Killed Grum
  7306 | D:9      | Reached skill level 10 in Fighting
  7364 | D:9      | Found a staircase to the Lair.
  7374 | D:9      | Noticed Psyche
  7383 | D:9      | Killed Psyche
  7741 | D:9      | Received a gift from Okawaru
  7741 | D:9      | Reached skill level 12 in Maces & Flails
  8115 | D:9      | Noticed an orc knight
  8880 | Lair:1   | Entered Level 1 of the Lair of Beasts
  8957 | Lair:1   | Reached XP level 11. HP: 36/102 MP: 1/4
  9733 | Lair:2   | Received a gift from Okawaru
  9749 | Lair:2   | Reached skill level 13 in Armour
 10330 | Lair:2   | Noticed a death yak
 10340 | Lair:2   | Killed a death yak
 10386 | Lair:2   | Received a gift from Okawaru
 11015 | Lair:3   | Found a labyrinth entrance.
 11056 | Lair:3   | Noticed an ice dragon
 11086 | Lair:3   | Killed from afar by an ice dragon

Action                   |  1- 3 |  4- 6 |  7- 9 | 10-12 || total
-------------------------+-------+-------+-------+-------++-------
Melee: Flail             |    84 |    74 |       |       ||   158
       Mace              |       |    43 |   380 |   538 ||   961
Evoke: Wand              |       |       |       |     2 ||     2
  Use: Scroll            |       |    10 |     6 |    11 ||    27
  Eat: Chunk             |     2 |     5 |    12 |    15 ||    34
